 Dungeon Crawl Stone Soup version 0.28.0 (webtiles) character file.

Game seed: 3507487021229271406

63 RighteousDevil the Skirmisher (level 4, -2/30 HPs)
             Began as a Kobold Wanderer on Feb 7, 2022.
             Was a Follower of Okawaru.
             Slain by a gnoll (3 damage)
             ... on level 2 of the Dungeon.
             The game lasted 00:04:45 (3063 turns).

RighteousDevil the Skirmisher (Kobold Wanderer)     Turns: 3063, Time: 00:04:46

Health: -2/30      AC:  8    Str:  9    XL:     4   Next: 31%
Magic:  8/8        EV: 11    Int: 17    God:    Okawaru [*.....]
Gold:   65         SH:  0    Dex: 18    Spells: 6/9 levels left

rFire   . . .      SeeInvis .   a - +0 dagger
rCold   . . .      Faith    .   (no shield)
rNeg    . . .      Spirit   .   e - +0 ring mail
rPois   .          Reflect  .   h - +2 helmet
rElec   .          Harm     .   (no cloak)
rCorr   .          Rampage  .   (no gloves)
Will    .....                   (no boots)
Stlth   +++.......              (no amulet)
HPRegen 0.10/turn               g - +6 ring of dexterity
MPRegen 0.11/turn               (no ring)

@: no status effects
A: small, no large weapons, nightstalker 3
a: Renounce Religion, Heroism


You were on level 2 of the Dungeon.
You worshipped Okawaru.
Okawaru was aware of your devotion.
You visited 1 branch of the dungeon, and saw 2 of its levels.

You collected 65 gold pieces.

Inventory:

Hand Weapons
 a - a +0 dagger (weapon)
Missiles
 d - 123 stones (quivered)
Armour
 b - a +0 robe
 e - a +0 ring mail (worn)
 h - a +2 helmet (worn)
Jewellery
 f - a ring of willpower
 g - a +6 ring of dexterity (left hand)
Scrolls
 c - a scroll of vulnerability
 k - a scroll of identify


   Skills:
 - Level 4.3 Fighting
 + Level 2.1 Short Blades
 + Level 2.3 Stealth
 - Level 3.2 Spellcasting
 * Level 2.4 Summonings
 - Level 2.0 Necromancy


You had 6 spell levels left.
You knew the following spells:

 Your Spells              Type           Power      Damage    Failure   Level
a - Summon Small Mammal   Summ           44%        N/A       17%         1
b - Corpse Rot            Necr/Air       12%        N/A       43%         2

Your spell library contained the following spells:

 Spells                   Type           Power      Damage    Failure   Level
 Sublimation of Blood     Necr           9%         N/A       32%         2
 Static Discharge         Conj/Air       2%         N/A       58%         2
 Stone Arrow              Conj/Erth      4%         3d7       82%         3
 Call Canine Familiar     Summ           Unusable   N/A       N/A         3

Dungeon Overview and Level Annotations

Branches:
Dungeon (2/15)

Altars:
Elyvilon
Okawaru


Innate Abilities, Weirdness & Mutations

You are small and have problems with some larger weapons.
You are completely attuned to the shadows.


Message History

The quokka bites you but does no damage.
You hit the quokka.
You kill the quokka!
Okawaru accepts your kill. The gnoll misses you.
The gnoll hits you but does no damage.
You hit the gnoll but do no damage. The gnoll hits you but does no damage.
You hit the gnoll.
The gnoll is lightly wounded.
The gnoll hits you with a +0 spear.
You barely miss the gnoll.
The gnoll is lightly wounded.
The gnoll hits you with a +0 spear.
You barely miss the gnoll.
The gnoll is lightly wounded.
The gnoll hits you with a +0 spear.
You closely miss the gnoll.
The gnoll is lightly wounded.
The gnoll hits you but does no damage.
You completely miss the gnoll.
The gnoll is lightly wounded.
The gnoll barely misses you.
You hit the gnoll but do no damage.
The gnoll is lightly wounded.
The gnoll hits you with a +0 spear!
You hit the gnoll but do no damage.
The gnoll is lightly wounded.
The gnoll hits you with a +0 spear!
* * * LOW HITPOINT WARNING * * *
You hit the gnoll.
The gnoll is moderately wounded.
You hit the gnoll.
The gnoll is moderately wounded.
The gnoll hits you with a +0 spear.
* * * LOW HITPOINT WARNING * * *
You aren't carrying any potions.
You hit the gnoll but do no damage.
The gnoll is moderately wounded.
The gnoll hits you with a +0 spear.
You die...

. #. .# #. #. .# ..##.
#. .# ##.#. #. .# .....
###)#†## ##.. #......##
####... #.#.@.....
##.<..#. #...g.....
...#....
#.#.........##....###
#......##............
#.#.#.###............
#.#....#..g.......##.
#....#...............
####.#.................
#.........#.....#.####.


You could see a gnoll.

Vanquished Creatures
  A gnoll (D:1)
  An adder (D:2)
  A dart slug (D:2)
  An orc (D:2)
  3 endoplasms (D:1)
  A giant cockroach (D:1)
  A goblin (D:1)
  6 hobgoblins
  2 jackals (D:2)
  3 kobolds (D:2)
  3 quokkas
  5 ball pythons
  2 bats (D:1)
  4 frilled lizards
  2 rats (D:1)
36 creatures vanquished.

Vanquished Creatures (collateral kills)
  An endoplasm (D:1)
  A goblin (D:1)
2 creatures vanquished.

Grand Total: 38 creatures vanquished

Notes
Turn   | Place    | Note
-------+----------+-------------------------------------------
     0 | D:1      | RighteousDevil the Kobold Wanderer began the quest for the
                  | Orb.
     0 | D:1      | RighteousDevil set off with the following items: a +0
                  | dagger, a +0 robe, a scroll of vulnerability; and the
                  | following spell memorised: Summon Small Mammal; and the
                  | following spells available to memorise: Sublimation of
                  | Blood, Corpse Rot, Static Discharge, Call Canine Familiar,
                  | Stone Arrow
     0 | D:1      | Reached XP level 1. HP: 16/16 MP: 4/4
   482 | D:1      | Reached XP level 2. HP: 20/20 MP: 6/6
   523 | D:1      | Reached skill level 1 in Summonings
   629 | D:1      | Reached skill level 1 in Short Blades
   629 | D:1      | Reached skill level 1 in Stealth
  1507 | D:1      | Reached XP level 3. HP: 19/24 MP: 7/7
  1775 | D:1      | Found a faded altar of an unknown god.
  1794 | D:1      | Prayed at the altar of an unknown god.
  1794 | D:1      | Became a worshipper of Warmaster Okawaru
  1794 | D:1      | Reached * piety under Okawaru
  1799 | D:1      | Learned a level 2 spell: Corpse Rot
  2384 | D:2      | Reached XP level 4. HP: 23/30 MP: 8/8
  2460 | D:2      | Found a white marble altar of Elyvilon.
  3062 | D:2      | HP: 1/30 [gnoll (5)]
  3063 | D:2      | Slain by a gnoll

Illustrated notes

Levels and vault maps discovered:
D:1:      dpeg_arrival_signposts, layout_loops_corners,
          shapermc_ecumenical_altar_pompeii
D:2:      layout_loops_ring, basic_altar, st_stairs_9, uniq_terence

Skill      XL: |  1  2  3  4 |
---------------+-------------+-----
Summonings     | 1 2 |  2.4
Short Blades   | 1 2 |  2.1
Stealth        | 1 2 |  2.3
Fighting       | |  4.3
Spellcasting   | |  3.2
Necromancy     | |  2.0

Action                   |  1- 3 |  4- 6 || total
-------------------------+-------+-------++-------
Melee: Dagger            |   203 |    65 ||   268
       Punch             |     7 |       ||     7
 Cast: Summon Small Mamm |     9 |       ||     9
  Use: Scroll            |     3 |       ||     3
       Potion            |     2 |     2 ||     4
 Stab: Sleeping          |     5 |     2 ||     7
Armor: Ring mail         |    59 |    19 ||    78
       Robe              |     3 |       ||     3
       Skin              |    19 |    11 ||    30
Dodge: Dodged            |   103 |    22 ||   125
